 Dungeon Crawl Stone Soup version 0.30-a0-168-g0b976cbdc4 (webtiles) character file.

Game seed: 9392158554737081311

1557 Sobieck the Chopper (level 8, -1/67 (72) HPs)
             Began as a Palentonga Fighter on Sept 29, 2022.
             Was a Believer of Uskayaw.
             Succumbed to a kobold brigand's curare-tipped dart
             ... on level 8 of the Dungeon.
             The game lasted 00:11:03 (6201 turns).

Sobieck the Chopper (Palentonga Fighter)            Turns: 6201, Time: 00:11:04

HP:   -1/67 (72)    AC: 10    Str: 24    XL:     8   Next: 58%
MP:   32/32         EV:  4    Int:  9    God:    Uskayaw [**....]
Gold: 43            SH:  4    Dex:  9    Spells: 7/7 levels left

rFire   . . .      SeeInvis +    a - +3 war axe (vorpal) {axe}
rCold   . . .      Faith    +    c - +0 buckler
rNeg    . . .      Spirit   .    y - +1 plate armour
rPois   .          Reflect  .    (no helmet)
rElec   .          Harm     .    (no cloak)
rCorr   .          Rampage  .    (no gloves)
Will    .....                    (no barding)
Stlth   ..........               U
                                   - Hermit's Pendant {Faith Invo=14 Evo=0 MP+5}
HPRegen 0.21/turn                i - ring of magical power
MPRegen 0.23/turn                (no ring)

@: lethally poisoned (-1 -> -28), slowed, drained, very slow
A: large, rugged brown scales 3, see invisible, deformed body, roll 1, armoured
tail, reflexive curl
a: Rolling Charge, Renounce Religion, Stomp, Line Pass


You were on level 8 of the Dungeon.
You worshipped Uskayaw.
Uskayaw was noncommittal.
You visited 2 branches of the dungeon, and saw 9 of its levels.
You also visited: Ossuary.

You collected 250 gold pieces.
You spent 207 gold pieces at shops.


Innate Abilities, Weirdness & Mutations

You are completely covered in rugged brown scales. (AC +3, +7% HP)
You have supernaturally acute eyesight. (SInv)
Armour fits poorly on your strangely shaped body.
You can roll at nearby foes to attack.
You have a long armoured tail.
You curl defensively after being hit. (AC +7*)


   Skills:
 + Level 7.7 Fighting
 * Level 7.8 Axes
 - Level 2.4 Armour
 + Level 3.5 Shields
 - Level 1.6(14.0) Invocations


You had 7 spell levels left.
You didn't know any spells.
Your spell library contained the following spells:

 Spells                   Type           Power      Damage    Failure   Level
 Slow                     Hex            0%         N/A       100%        1
 Confusing Touch          Hex            0%         N/A       100%        3
 Dazzling Flash           Conj/Hex       0%         N/A       100%        3
 Gell's Gravitas          Tloc           0%         N/A       100%        3
 Teleport Other           Tloc           0%         N/A       100%        3
 Vampiric Draining        Necr           0%         2d6       100%        3
 Iskenderun's Mystic Bla  Conj/Tloc      0%         2d3       100%        4
 Dispersal                Tloc           0%         N/A       100%        6
 Starburst                Conj/Fire      0%         6d3       100%        6

Inventory:

Hand Weapons
 a - a +3 vorpal war axe (weapon) {axe}
 f - a +2 short sword of speed {short}
   (You took it off a kobold on level 1 of the Dungeon)
Missiles
 d - 2 poisoned darts {throwing}
 m - 31 stones {throwing}
Armour
 b - a +0 scale mail
 c - a +0 buckler (worn)
 e - a +0 chain mail
   (You found it on level 4 of the Dungeon)
 g - a +0 leather armour
   (You took it off an orc on level 4 of the Dungeon)
 k - a +0 chain mail
   (You found it on level 5 of the Dungeon)
 q - a +0 ring mail
   (You found it on level 2 of the Dungeon)
 r - a +0 scale mail
   (You took it off Terence on level 2 of the Dungeon)
 u - a +0 ring mail of fire resistance
   (You found it on level 3 of the Dungeon)
 y - a +1 plate armour (worn)
   (You found it on level 3 of the Dungeon)
 A - a +0 leather armour
   (You found it on level 4 of the Dungeon)
 B - a +0 ring mail
   (You took it off a hobgoblin on level 4 of the Dungeon)
 C - a +0 leather armour
   (You took it off an orc on level 4 of the Dungeon)
 D - a +0 robe
   (You took it off an orc wizard on level 4 of the Dungeon)
 E - a +0 robe
   (You took it off an orc wizard on level 4 of the Dungeon)
 F - a +0 robe
   (You took it off a gnoll on level 4 of the Dungeon)
 G - a +0 robe
   (You took it off a hobgoblin on level 4 of the Dungeon)
 H - a +0 robe
   (You found it on level 4 of the Dungeon)
 I - a +0 ring mail
   (You took it off an orc on level 5 of the Dungeon)
 K - a +0 leather armour
   (You took it off an orc on level 5 of the Dungeon)
 O - a +0 ring mail
   (You found it on level 5 of the Dungeon)
 R - a +0 ring mail
   (You found it on level 5 of the Dungeon)
 T - a +0 robe
   (You took it off an orc wizard on level 5 of the Dungeon)
Magical Staves
 p - a staff of earth {!astaff}
   (You found it on level 2 of the Dungeon)
Jewellery
 i - a ring of magical power (left hand)
   (You found it on level 1 of the Dungeon)
 w - a ring of fire
   (You found it on level 3 of the Dungeon)
 Q - a ring of wizardry
   (You found it on level 5 of the Dungeon)
 U - the Hermit's Pendant (around neck) {Faith Invo=14 Evo=0 MP+5}
   (You found it on level 5 of the Dungeon)

   [amulet of faith]

   It sets your invocations skill to 14 and your evocations skill to 0.
   It allows you to gain divine favour quickly.
   MP:        It affects your magic capacity (+5).
Wands
 S - a wand of polymorph (1)
   (You found it on level 5 of the Dungeon)
 V - a wand of roots (2)
   (You found it on level 6 of the Dungeon)
Scrolls
 n - a scroll of vulnerability {!r!r}
 t - 3 scrolls of blinking {!r}
 J - 2 scrolls of butterflies
 P - a scroll of immolation {!r!r}
Potions
 h - 2 potions of cancellation
 j - 2 potions of resistance
 o - 2 potions of flight
 s - 4 potions of attraction {!q}
 z - 4 potions of curing {@q1}
 L - a potion of brilliance
 M - 2 potions of mutation {!q}
 N - a potion of heal wounds {@q2}

Dungeon Overview and Level Annotations

Branches:
Dungeon (8/15) Zot: 26687  Temple (1/1) D:4 Zot: 5927 Ossuary (visited)
   Lair: D:8-11

Altars:
Ashenzari
Cheibriados
Elyvilon
Fedhas
Hepliaklqana
Kikubaaqudgha
Makhleb
Nemelex Xobeh
Okawaru
Ru
Sif Muna
Trog
Uskayaw
Vehumet
Xom
Yredelemnul

Shops:
D:3 *   D:4 : D:5

? .~.≈.~..~......#
.~.§§§§§§§§§§§§.
...§§§§§§§§#§§###§
...§§§§§§§Y§§§§§§
...§§§§§§K§§§§§#
...§§§§§§K§§§§§# #
#§§§§§§§hh§§§#§§.
#§§§§§Kz)oz§§§§§.
#..§§§§§§§@y§§##
...#§§§§§##§z§§§§§.
. ##§§§.####z§§§§.
##§... .§§§§.
#§...o. ..§§.
§§...... ..§§.
.§........ ..§.
..#..?. ....


You could see a hornet, an orc warrior, an ice beast, a kobold brigand, 2
hounds, 4 wights and 2 kobolds.


Message History

The wight is no longer paralysed. x3; The wight barely misses you.
You block the wight's attack. The wight barely misses you.
You climb upwards.
Uskayaw will no longer force your foes to share their pain.
There is a stone staircase leading down here.
Unknown command.
Unknown command.
Found a broken altar of Ashenzari.
Uskayaw will no longer force your foes to helplessly watch your dance.
You can no longer pass through a line of other dancers.
You start resting.
Unknown command.
Okay, then.
Okay, then.
Unknown command.
There is a stone staircase leading down here.
Okay, then.
As you read the scroll of enchant weapon, it crumbles to dust.
Your +0 vorpal war axe {axe} glows red for a moment.
As you read the scroll of enchant weapon, it crumbles to dust.
Your +1 vorpal war axe {axe} glows red for a moment.
As you read the scroll of enchant weapon, it crumbles to dust.
Your +2 vorpal war axe {axe} glows red for a moment.
Okay, then.
Unknown command.
Okay, then.
Unknown command.
You climb downwards.
The kobold shouts!
The hornet is no longer sharing its pain.
The wight is no longer sharing its pain. x2
The hornet stings you but does no damage.
You block the wight's attack. The orc hits you with a +0 mace.
The orc warrior hits you with a +0 dire flail!
The hornet completely misses you. The wight hits you but does no damage.
The wight hits you with a +0 hand axe.
You feel drained.
The orc warrior hits you with a +0 dire flail.
The orc barely misses you.
There is a stone staircase leading up, spattered with blood here.
Items here: )) [ ÷÷÷.
Danger!
Really read
x - a scroll of poison {!r}?
Really read the scroll of poison?
The air fills with toxic fumes!
As you read the scroll of poison {!r}, it crumbles to dust.
The orc warrior is no longer sharing its pain.
The kobold brigand is no longer sharing its pain.
The wight is no longer sharing its pain.
The hornet stings you but does no damage.
The wight hits you but does no damage. The wight hits you with a +0 hand axe!
The wight hits you but does no damage.
An ice beast comes into view.
The orc barely misses you.
The orc warrior hits you with a +0 dire flail.
The hornet stings you.
You feel yourself slow down.
Unknown command.
You slice the hornet!! You barely miss the orc warrior.
You barely miss the wight. You closely miss the orc.
You feel yourself speed up.
The orc is no longer sharing its pain.
The hound is no longer sharing its pain.
The wight is no longer sharing its pain.
The hornet stings you!
* * * LOW HITPOINT WARNING * * *
You suddenly lose the ability to move!
The wight hits you but does no damage. The orc hits you but does no damage.
The kobold brigand throws a curare-tipped dart.
The curare-tipped dart hits you.
You are poisoned.
You have difficulty breathing.
* * * LOW HITPOINT WARNING * * *
You feel yourself slow down.
The orc warrior hits you but does no damage.
The wight hits you but does no damage.
The wight hits you from afar with a +0 spear.
* * * LOW HITPOINT WARNING * * *
You feel drained.
* * * LOW HITPOINT WARNING * * *
The hornet stings you but does no damage.
The kobold brigand throws a curare-tipped dart.
The curare-tipped dart hits you.
You are lethally poisoned!
You have difficulty breathing.
* * * LOW HITPOINT WARNING * * *
You feel as though you will be slow longer.
The orc hits you but does no damage.
The wight hits you but does no damage. x2
The wight hits you from afar with a +0 trident.
* * * LOW HITPOINT WARNING * * *
You feel drained.
The orc warrior hits you with a +0 dire flail.
* * * LOW HITPOINT WARNING * * *
You can move again.
You can now pass through a line of other dancers.
You slash the orc!
You kill the orc!
You closely miss the wight. You completely miss the orc warrior.
You closely miss the hornet.
You die...

Skill      XL: |  1  2  3  4  5  6  7  8 |
---------------+-------------------------+-----
Fighting       | 4 5 6 7 |  7.7
Axes           | 3 4 5 6 7 |  7.8
Invocations    | 1 |  1.6
Shields        | 3 |  3.5
Armour         | |  2.4

Action                   |  1- 3 |  4- 6 |  7- 9 || total
-------------------------+-------+-------+-------++-------
Melee: War axe           |    88 |   101 |   148 ||   337
       Tailslap          |     8 |    10 |    31 ||    49
 Abil: Rolling Charge    |    27 |    20 |    15 ||    62
  Use: Scroll            |       |    12 |    13 ||    25
       Potion            |       |     1 |       ||     1
 Stab: Paralysed         |       |     1 |    12 ||    13
Armor: Scale mail        |    39 |       |       ||    39
       Ring mail         |     1 |    16 |       ||    17
       Plate armour      |       |    33 |   122 ||   155
Dodge: Dodged            |    24 |    31 |    28 ||    83
Block: Buckler           |    14 |    13 |    29 ||    56

Levels and vault maps discovered:
D:1:      psy_arrival_radial01, layout_loops_ring, basic_ecumenical_altar
D:2:      layout_loops_corners, uniq_terence
D:3:      layout_basic, mainiacjoe_overflow_small_starburst, serial_shops, shop,
          fountainhead, minmay_misc_feat_room, st_stairs_12
D:4:      layout_rooms, mainiacjoe_overflow_catwalk,
          minmay_temple_entry_nine_rooms, serial_shops,
          nicolae_shop_behind_doors, sigmund_army, uniq_grinder
D:5:      layout_basic, chequers_ossuary_entry_cave,
          nicolae_inconvenience_store, chequers_serial_rivers_micro_a,
          chequers_serial_rivers_micro_d, hellmonk_guarded_unrand_hermit
D:6:      layout_loops_cross, mainiacjoe_overflow_catwalk_spiral, serial_shops,
          shop, kennysheep_generic_room_14
D:7:      layout_cave_pods, grunt_gozag_statues, nicolae_overflow_hidden_temple
D:8:      hangedman_cross_stitches, layout_cave_pools, erik_lair_island,
          kb_lookout_dungeons_type, minivault_11
Temple:   nicolae_temple_bog_church

Notes
Turn   | Place    | Note
-------+----------+-------------------------------------------
     0 | D:1      | Sobieck the Palentonga Fighter began the quest for the Orb.
     0 | D:1      | Reached XP level 1. HP: 19/19 MP: 1/1
    28 | D:1      | Found a faded altar of an unknown god.
   368 | D:1      | Reached XP level 2. HP: 25/25 MP: 2/2
  1472 | D:2      | Reached XP level 3. HP: 31/31 MP: 3/3
  1761 | D:2      | Noticed Terence
  1772 | D:2      | Killed Terence
  1773 | D:2      | Reached skill level 4 in Fighting
  1773 | D:2      | Reached skill level 3 in Axes
  2234 | D:3      | Reached XP level 4. HP: 39/39 MP: 4/4
  2349 | D:3      | You add the spells Gell's Gravitas, Teleport Other and
                  | Dispersal to your library.
  2524 | D:3      | Found Yrghucu's Assorted Antiques.
  2532 | D:3      | Bought 3 scrolls labelled DIUH VEPPEGAOT for 93 gold pieces
  2532 | D:3      | Bought a scroll labelled DIUH VEPPEGAOT for 31 gold pieces
  2672 | D:3      | Bought a scroll labelled DIUH VEPPEGAOT for 31 gold pieces
  2689 | D:3      | Found a blossoming altar of Fedhas.
  2985 | D:4      | You pick up a book of Debilitation and begin reading...
  2985 | D:4      | You add the spells Slow, Vampiric Draining and Confusing
                  | Touch to your library.
  3059 | D:4      | Found a snail-covered altar of Cheibriados.
  3062 | D:4      | Noticed an ogre
  3079 | D:4      | Killed an ogre
  3080 | D:4      | Reached skill level 4 in Axes
  3080 | D:4      | Reached XP level 5. HP: 41/46 MP: 5/5
  3127 | D:4      | Found a staircase to the Ecumenical Temple.
  3140 | D:4      | Reached skill level 5 in Fighting
  3148 | Temple   | Entered the Ecumenical Temple
  3208 | Temple   | Became a worshipper of Uskayaw the Reveller
  3314 | D:4      | Noticed Grinder
  3328 | D:4      | Reached * piety under Uskayaw
  3332 | D:4      | Reached ** piety under Uskayaw
  3336 | D:4      | Killed Grinder
  3336 | D:4      | Reached *** piety under Uskayaw
  3337 | D:4      | Reached skill level 5 in Axes
  3337 | D:4      | Reached XP level 6. HP: 30/55 MP: 6/6
  3590 | D:4      | Reached skill level 6 in Fighting
  3889 | D:4      | Found Cusch's Book Emporium.
  3899 | D:4      | Gained mutation: You curl defensively after being hit. (AC
                  | +7*) [Palentonga growth]
  3899 | D:4      | Reached XP level 7. HP: 53/62 MP: 7/7
  4111 | D:5      | Entered Level 5 of the Dungeon
  4190 | D:5      | Reached skill level 6 in Axes
  4412 | D:5      | Found a sand-covered staircase.
  4419 | Ossuary  | Entered an ossuary
  4703 | Ossuary  | Reached **** piety under Uskayaw
  4707 | Ossuary  | Reached skill level 7 in Fighting
  4710 | Ossuary  | Reached ***** piety under Uskayaw
  4720 | Ossuary  | Reached XP level 8. HP: 39/71 MP: 8/8
  4956 | Ossuary  | Reached skill level 7 in Axes
  4965 | Ossuary  | Reached skill level 1 in Invocations
  4979 | Ossuary  | Reached skill level 3 in Shields
  5146 | D:5      | You pick up a book of Spectacle and begin reading...
  5146 | D:5      | You add the spells Dazzling Flash, Iskenderun's Mystic
                  | Blast and Starburst to your library.
  5337 | D:5      | Found Serix's Magic Scroll Shoppe.
  5415 | D:5      | Found a faded altar of an unknown god.
  5415 | D:5      | Found the Hermit's Pendant {Faith Invo=14 Evo=0 MP+5}
  5665 | D:5      | Bought a scroll of identify for 26 gold pieces
  5665 | D:5      | Bought a scroll of identify for 26 gold pieces
  5861 | D:6      | You fall into a shaft and drop 2 floors!
  5870 | D:8      | Noticed a two-headed ogre
  5871 | D:8      | Noticed a troll
  5875 | D:8      | Noticed a hornet
  5885 | D:8      | HP: 18/72 [hornet (7)]
  5885 | D:8      | Paralysed by a hornet for 3 turns
  5886 | D:8      | HP: 6/70 [orc warrior/+0 dire flail (3)]
  5892 | D:7      | Found a broken altar of Ashenzari.
  6200 | D:8      | Paralysed by a hornet for 1 turns
  6200 | D:8      | HP: 17/69 [wight/+0 spear (3)]
  6201 | D:8      | Succumbed to a kobold brigand's curare-tipped dart

Vanquished Creatures
  Grinder (D:4)
  A wyvern (D:6)
  A sky beast (D:5)
  A black bear (D:5)
  An ogre (D:4)
  3 elf zombies (Ossuary)
  A scorpion (D:5)
  A howler monkey (D:8)
  2 human zombies (Ossuary)
  2 jellies (D:4)
  4 centaur zombies (Ossuary)
  A hound (D:8)
  4 iguanas
  Terence (D:2)
  3 orc wizards
  2 mummies (Ossuary)
  A gnoll (D:4)
  4 adders
  An ufetubus (D:5)
  An adder zombie (Ossuary)
  A worm (D:3)
  9 orcs
  2 endoplasms
  3 giant cockroaches
  5 goblins
  8 hobgoblins
  A quokka (D:2)
  7 ball pythons
  6 bats
  4 frilled lizards
  8 hobgoblin zombies (Ossuary)
  7 kobolds
  9 kobold zombies (Ossuary)
  10 orc zombies (Ossuary)
  7 rats
123 creatures vanquished.

Table legend:
 A = Non-vault XP
 B = Vault XP
 C = Vault XP percentage of total XP
 D = Non-vault monster count
 E = Vault monster count
 F = Vault count percentage of total count
                 A         B        C        D         E       F
            +---------+---------+-------+---------+---------+-------
      Total |    1126 |    1102 |  49.5 |      75 |      48 |  39.0
            +---------+---------+-------+---------+---------+-------
        D:1 |      31 |       0 |   0.0 |      21 |       0 |   0.0
        D:2 |      18 |      36 |  66.7 |      14 |       1 |   6.7
        D:3 |      30 |       2 |   6.2 |       9 |       1 |  10.0
        D:4 |     390 |     303 |  43.7 |      18 |       3 |  14.3
        D:5 |     447 |      35 |   7.3 |       9 |       1 |  10.0
        D:6 |     201 |       0 |   0.0 |       1 |       0 |   0.0
        D:8 |       9 |     103 |  92.0 |       3 |       3 |  50.0
    Ossuary |       0 |     623 | 100.0 |       0 |      39 | 100.0
            +---------+---------+-------+---------+---------+-------

Illustrated notes

Table legend:
 A = Kills in this place as a percentage of kills in entire the game.
 B = Kills by you in this place as a percentage of kills by you in the entire game.
 C = Kills by friends in this place as a percentage of kills by friends in the entire game.
 D = Other kills in this place as a percentage of other kills in the entire game.
 E = Experience gained in this place as a percentage of experience gained in the entire game.
 F = Experience gained in this place divided by the number of levels of this place that you have seen.
                   A       B       C       D       E      F
               +-------+-------+-------+-------+-------+----------------------
         Total | 100.0 | 100.0 |   N/A |   N/A | 100.0 | 222.8
       Dungeon |  68.3 |  68.3 |   N/A |   N/A |  72.0 | 200.6
       Ossuary |  31.7 |  31.7 |   N/A |   N/A |  28.0 | 623.0
               +-------+-------+-------+-------+-------+----------------------

Table legend: (Time is in decaauts)
 A = Elapsed time spent in this place.
 B = Non-inter-level travel time spent in this place.
 C = Inter-level travel time spent in this place.
 D = Time resting spent in this place.
 E = Time spent auto-exploring this place.
 F = Levels seen in this place.
 G = Mean time per level.
                   A        B        C        D        E       F      G
               +--------+--------+--------+--------+--------+-----+--------+
         Total |   6299 |   6128 |    171 |   1668 |   3517 |  10 |  629.9 |
       Dungeon |   5564 |   5404 |    160 |   1351 |   3394 |   8 |  695.5 |
        Temple |     72 |     61 |     11 |      0 |     52 |   1 |   72.0 |
       Ossuary |    663 |    663 |      0 |    317 |     70 |   1 |  663.0 |
               +--------+--------+--------+--------+--------+-----+--------+

Top non-repeatable levels by time:
     D:1: 1183 daAuts
     D:4: 1092 daAuts
     D:2: 1024 daAuts
     D:5: 981 daAuts
     D:3: 809 daAuts
 Ossuary: 663 daAuts
     D:7: 308 daAuts
     D:6: 131 daAuts
  Temple: 72 daAuts
     D:8: 33 daAuts
